Predators vs Islanders

Created - november 27 2010 at 00:47

Goals
1 2 3 T
Predators 1 1 1 3
Islanders 0 0 0 0
Shots
1 2 3 T
Predators 17 12 10 39
Islanders 12 4 3 19

Period #1

1. Predators , Vincent Lecavalier 13 (Rostislav Klesla, Sergei Samsonov) at 11:09 (PP)

Penalties :
Freddy Meyer (NSH) for Roughing (Minor) at 0:26, Jan Hejda (NSH) for Hooking (Minor) at 3:41, John Erskine (NYI) for Slashing (Minor) at 7:45, Todd Marchant (NYI) for Interference (Minor) at 10:39, Lubomir Visnovsky (NYI) for Tripping (Minor) at 13:07, John Erskine (NYI) for Tripping (Minor) at 18:37

Period #2

2. Predators , Ryan Smyth 14 (Peter Mueller, Roman Hamrlik) at 14:29 (PP)

Penalties :
Vincent Lecavalier (NSH) for High sticking (Minor) at 0:51, Keith Ballard (NYI) for Holding (Minor) at 1:35, Eric Boulton (NSH) for Interference (Minor) at 8:05, Adrian Aucoin (NYI) for Hooking (Minor) at 14:05, Keith Ballard (NYI) for Hooking (Minor) at 19:38

Period #3

3. Predators , Rostislav Klesla 4 (Vincent Lecavalier, Mike Comrie) at 0:49 (PP)

Penalties :
Lubomir Visnovsky (NYI) for Tripping (Minor) at 0:29, John Erskine (NYI) for Holding Stick (Minor) at 3:32, Vaclav Prospal (NYI) for Tripping (Minor) at 7:09, Mike Zigomanis (NSH) for Holding (Minor) at 9:15, John Erskine (NYI) for Unsportsmanlike conduct (Major / Game Misconduct) at 11:40

Goalie Stats

Carey Price (NSH), 19 saves from 19 shots - (1,000), W, 11-7-1, 60:00 minutes
Mike Brodeur (NYI), 36 saves from 39 shots - (0,923), L, 4-1-0, 60:00 minutes

Players Stats

Predators
Player Name              G  A  P  +/- PIM S  H  SB FO    MP 
------------------------------------------------------------
Brad Richards            0  0  0   0  0   1  0  0  2/3   3  
Chuck Kobasew            0  0  0   0  0   1  2  1  0/0   16 
David Hale               0  0  0   0  0   4  0  1  0/0   8  
Doug Janik               0  0  0   0  0   0  0  2  0/0   8  
Eric Boulton             0  0  0   0  2   0  1  0  0/0   7  
Freddy Meyer             0  0  0   0  2   0  1  2  0/0   22 
Jan Hejda                0  0  0   0  2   0  1  0  0/0   19 
Jay Leach                0  0  0   0  0   0  0  0  0/0   0  
Kurt Sauer               0  0  0   0  0   1  0  0  0/0   17 
Mike Comrie              0  1  1   0  0   4  0  0  3/5   21 
Mike Zigomanis           0  0  0   0  2   3  1  0  16/26 18 
Peter Mueller            0  1  1   0  0   3  2  0  0/2   20 
Roman Hamrlik            0  1  1   0  0   4  0  0  0/0   23 
Rostislav Klesla         1  1  2   0  0   3  0  0  0/0   22 
Ryan Smyth               1  0  1   0  0   6  0  1  1/4   23 
Sergei Samsonov          0  1  1   0  0   1  0  0  1/4   20 
Ville Leino              0  0  0   0  0   3  0  0  5/21  23 
Vincent Lecavalier       1  1  2   0  2   5  1  0  11/21 21 
Islanders
Player Name              G  A  P  +/- PIM S  H  SB FO    MP 
------------------------------------------------------------
Adrian Aucoin            0  0  0   0  2   2  1  2  0/0   23 
Chris Kelly              0  0  0   0  0   2  2  0  10/23 20 
Daniel Brière            0  0  0   0  0   2  1  0  1/1   14 
Daniel Girardi           0  0  0   0  0   0  1  0  0/0   18 
Drew Stafford            0  0  0   0  0   0  0  0  0/0   5  
Duncan Keith             0  0  0   0  0   3  1  3  0/0   24 
George Parros            0  0  0   0  0   0  0  0  0/0   12 
Jeff Halpern             0  0  0   0  0   0  0  0  12/22 14 
John Erskine             0  0  0   0  21  0  1  0  0/0   11 
Keith Ballard            0  0  0   0  4   3  0  1  0/0   21 
Lubomir Visnovsky        0  0  0   0  4   0  0  2  0/0   22 
Patric Hornqvist         0  0  0   0  0   2  1  0  0/0   11 
Paul Stastny             0  0  0   0  0   3  0  0  11/18 15 
Rich Peverley            0  0  0   0  0   0  0  0  11/16 13 
Ryan Callahan            0  0  0   0  0   2  3  1  0/0   9  
Sean Bergenheim          0  0  0   0  0   0  5  0  0/1   14 
Todd Marchant            0  0  0   0  2   0  0  0  1/3   19 
Vaclav Prospal           0  0  0   0  2   0  3  0  1/2   15 

3 Stars

1 - Carey Price (NSH)
2 - Rostislav Klesla (NSH)
3 - Vincent Lecavalier (NSH)

Power Play

Predators - 3 on 11 Attempt(s) - 27,27%
Islanders - 0 on 5 Attempt(s) - 0,00%

Penalty Kill

Predators - 5 on 5 Attempt(s) - 100,00% - Score 0 goal in Penalty Kill
Islanders - 8 on 11 Attempt(s) - 72,73% - Score 0 goal in Penalty Kill

Game Notes

Ryan Callahan is injured at 5:42 of 3rd period (Sprained Left Finger)
John Erskine ejected from game at 11:40 of 3rd period

Finance

Level 1 -- Attendance: 5411 (100,00%) -- Ticket Income 497 812,00 kr
Level 2 -- Attendance: 4509 (100,00%) -- Ticket Income 252 504,00 kr
Level 3 -- Attendance: 1804 (100,00%) -- Ticket Income 59 532,00 kr
Level 4 -- Attendance: 3608 (100,00%) -- Ticket Income 75 768,00 kr
Luxury Box -- Attendance: 902 (100,00%) -- Ticket Income 165 066,00 kr
Game was played at the Nassau Coliseum
Total Attendance: 16234 (100,00%)
Total Ticket Income: 1 126 409,00 kr
Other Income: 455 407,20 kr
Total Income: 1 581 816,00 kr


Team Lines

Predators

5 vs 5
   Center                   Left Wing                Right Wing               Defense                  Defense                  
 1 Ville Leino              Ryan Smyth               Peter Mueller            Roman Hamrlik            Jan Hejda                
 2 Vincent Lecavalier       Sergei Samsonov          Mike Comrie              Rostislav Klesla         Freddy Meyer             
 3 Mike Zigomanis           Ville Leino              Chuck Kobasew            Kurt Sauer               David Hale               
 4 Mike Zigomanis           Eric Boulton             Ville Leino              Doug Janik               Roman Hamrlik            

Power Play
   Center                   Left Wing                Right Wing               Defense                  Defense                  
 1 Ville Leino              Ryan Smyth               Peter Mueller            Roman Hamrlik            Freddy Meyer             
 2 Vincent Lecavalier       Sergei Samsonov          Mike Comrie              Rostislav Klesla         Jan Hejda                

Penalty Kill - 4 Players
   Center                   Wing                     Defense                  Defense                  
 1 Mike Zigomanis           Ryan Smyth               Rostislav Klesla         Jan Hejda                
 2 Ville Leino              Chuck Kobasew            Roman Hamrlik            Kurt Sauer               

4 vs 4
   Center                   Wing                     Defense                  Defense                  
 1 Vincent Lecavalier       Ryan Smyth               Roman Hamrlik            Freddy Meyer             
 2 Ville Leino              Mike Comrie              Rostislav Klesla         Jan Hejda                

Penalty Kill - 3 Players
   Forward                  Defense                  Defense                  
 1 Mike Zigomanis           Rostislav Klesla         Jan Hejda                
 2 Vincent Lecavalier       Roman Hamrlik            Kurt Sauer               

Goaltenders
Starting : Carey Price              
Backup : Martin Biron             

Extra Forwards
Ville Leino, Ryan Smyth, Vincent Lecavalier, Peter Mueller, Mike Comrie
Extra Defensemen
Roman Hamrlik, Jan Hejda, Rostislav Klesla, Freddy Meyer, Kurt Sauer
Penalty Shots
Ville Leino, Ryan Smyth, Vincent Lecavalier, Peter Mueller, Mike Comrie
Coach Strategy
Physical Style: 0 - Defense Style: 3 - Offense Style: 2

Islanders

5 vs 5
   Center                   Left Wing                Right Wing               Defense                  Defense                  
 1 Paul Stastny             Patric Hornqvist         Ryan Callahan            Duncan Keith             Keith Ballard            
 2 Rich Peverley            Vaclav Prospal           Daniel Brière            Adrian Aucoin            Lubomir Visnovsky        
 3 Chris Kelly              Todd Marchant            George Parros            Daniel Girardi           John Erskine             
 4 Jeff Halpern             Sean Bergenheim          Drew Stafford            Duncan Keith             Lubomir Visnovsky        

Power Play
   Center                   Left Wing                Right Wing               Defense                  Defense                  
 1 Paul Stastny             Patric Hornqvist         Daniel Brière            Duncan Keith             Lubomir Visnovsky        
 2 Rich Peverley            Vaclav Prospal           Ryan Callahan            Adrian Aucoin            Keith Ballard            

Penalty Kill - 4 Players
   Center                   Wing                     Defense                  Defense                  
 1 Chris Kelly              Todd Marchant            Duncan Keith             Lubomir Visnovsky        
 2 Jeff Halpern             Sean Bergenheim          Adrian Aucoin            Keith Ballard            

4 vs 4
   Center                   Wing                     Defense                  Defense                  
 1 Paul Stastny             Daniel Brière            Duncan Keith             Lubomir Visnovsky        
 2 Chris Kelly              Ryan Callahan            Adrian Aucoin            Keith Ballard            

Penalty Kill - 3 Players
   Forward                  Defense                  Defense                  
 1 Chris Kelly              Duncan Keith             Lubomir Visnovsky        
 2 Jeff Halpern             Adrian Aucoin            Keith Ballard            

Goaltenders
Starting : Mike Brodeur             
Backup : Jonas Hiller             

Extra Forwards
Paul Stastny, Vaclav Prospal, Daniel Brière, Rich Peverley, Patric Hornqvist
Extra Defensemen
Duncan Keith, Lubomir Visnovsky, Adrian Aucoin, Keith Ballard, Daniel Girardi
Penalty Shots
Paul Stastny, Vaclav Prospal, Daniel Brière, Rich Peverley, Patric Hornqvist
Coach Strategy
Physical Style: 0 - Defense Style: 3 - Offense Style: 2

Play by Play

Period #1

0:01 of 1st period - Paul Stastny wins face-off versus Ville Leino in neutral zone.
0:01 of 1st period - Ryan Callahan is hit by Peter Mueller and loses puck.
0:11 of 1st period - Shot by Ryan Smyth.
0:11 of 1st period - Stopped by Mike Brodeur without a rebound.
0:12 of 1st period - Daniel Brière wins face-off versus Vincent Lecavalier in Islanders zone.
0:26 of 1st period - Minor Penalty to Freddy Meyer for Roughing.
0:27 of 1st period - Paul Stastny wins face-off versus Ville Leino in Predators zone.
0:30 of 1st period - Shot by Lubomir Visnovsky.
0:30 of 1st period - Shot Misses the Net.
1:37 of 1st period - Shot by Keith Ballard.
1:37 of 1st period - Shot Misses the Net.
1:39 of 1st period - Shot by Adrian Aucoin.
1:39 of 1st period - Stopped by Carey Price without a rebound.
1:40 of 1st period - Rich Peverley wins face-off versus Mike Zigomanis in Predators zone.
1:43 of 1st period - Shot by Vaclav Prospal.
1:43 of 1st period - Deflect By Ryan Callahan.
1:43 of 1st period - Shot Misses the Net.
1:49 of 1st period - Shot by Adrian Aucoin.
1:49 of 1st period - Stopped by Carey Price without a rebound.
1:50 of 1st period - Rich Peverley wins face-off versus Ville Leino in Predators zone.
1:51 of 1st period - Shot by Keith Ballard.
1:51 of 1st period - Stopped by Carey Price without a rebound.
1:52 of 1st period - Rich Peverley wins face-off versus Ville Leino in Predators zone.
3:13 of 1st period - Shot by Ryan Smyth.
3:13 of 1st period - Stopped by Mike Brodeur without a rebound.
3:14 of 1st period - Mike Zigomanis wins face-off versus Jeff Halpern in Islanders zone.
3:26 of 1st period - Icing by Duncan Keith.
3:27 of 1st period - Jeff Halpern wins face-off versus Ville Leino in Islanders zone.
3:41 of 1st period - Minor Penalty to Jan Hejda for Hooking.
3:42 of 1st period - Rich Peverley wins face-off versus Ville Leino in Predators zone.
4:38 of 1st period - Icing by Paul Stastny.
4:39 of 1st period - Paul Stastny wins face-off versus Ville Leino in Islanders zone.
4:48 of 1st period - Shot by Daniel Brière.
4:48 of 1st period - Stopped by Carey Price without a rebound.
4:49 of 1st period - Paul Stastny wins face-off versus Mike Zigomanis in Predators zone.
5:02 of 1st period - Shot by Daniel Brière.
5:02 of 1st period - Stopped by Carey Price without a rebound.
5:03 of 1st period - Rich Peverley wins face-off versus Ville Leino in Predators zone.
5:04 of 1st period - Shot by Ryan Callahan.
5:04 of 1st period - Shot Misses the Net.
5:30 of 1st period - Shot by Keith Ballard.
5:30 of 1st period - Stopped by Carey Price without a rebound.
5:31 of 1st period - Mike Zigomanis wins face-off versus Paul Stastny in Predators zone.
6:01 of 1st period - Shot by Mike Comrie.
6:01 of 1st period - Stopped by Mike Brodeur without a rebound.
6:02 of 1st period - Jeff Halpern wins face-off versus Ville Leino in Islanders zone.
6:13 of 1st period - Shot by Sean Bergenheim.
6:13 of 1st period - Shot Misses the Net.
6:28 of 1st period - Jan Hejda is hit by Sean Bergenheim and loses puck.
7:37 of 1st period - Sergei Samsonov is hit by John Erskine and loses puck.
7:44 of 1st period - Shot by Sergei Samsonov.
7:44 of 1st period - Shot Misses the Net.
7:45 of 1st period - Minor Penalty to John Erskine for Slashing.
7:46 of 1st period - Jeff Halpern wins face-off versus Vincent Lecavalier in Islanders zone.
7:46 of 1st period - Jeff Halpern is hit by Vincent Lecavalier.
7:56 of 1st period - Shot by Vincent Lecavalier.
7:56 of 1st period - Stopped by Mike Brodeur with a rebound.
7:58 of 1st period - Shot by Kurt Sauer.
7:58 of 1st period - Shot Misses the Net.
8:00 of 1st period - Shot by Kurt Sauer.
8:00 of 1st period - Stopped by Mike Brodeur without a rebound.
8:01 of 1st period - Chris Kelly wins face-off versus Ville Leino in Islanders zone.
8:15 of 1st period - Ryan Smyth is hit by Adrian Aucoin and loses puck.
8:22 of 1st period - Shot by Peter Mueller.
8:22 of 1st period - Stopped by Mike Brodeur without a rebound.
8:23 of 1st period - Vincent Lecavalier wins face-off versus Chris Kelly in Islanders zone.
9:10 of 1st period - Shot by Ryan Smyth.
9:10 of 1st period - Shot Misses the Net.
9:53 of 1st period - Lubomir Visnovsky is hit by Mike Zigomanis and loses puck.
9:58 of 1st period - Shot by Ville Leino.
9:58 of 1st period - Stopped by Mike Brodeur without a rebound.
9:59 of 1st period - Mike Zigomanis wins face-off versus Paul Stastny in Islanders zone.
10:02 of 1st period - Shot by Ville Leino.
10:02 of 1st period - Shot Misses the Net.
10:14 of 1st period - Paul Stastny is hit by Eric Boulton.
10:39 of 1st period - Minor Penalty to Todd Marchant for Interference.
10:40 of 1st period - Vincent Lecavalier wins face-off versus Chris Kelly in Islanders zone.
11:09 of 1st period - Shot by Vincent Lecavalier.
11:09 of 1st period - Goal by Vincent Lecavalier - Predators : 1 - Islanders : 0.
11:10 of 1st period - Chris Kelly wins face-off versus Peter Mueller in neutral zone.
11:50 of 1st period - Icing by Jan Hejda.
11:51 of 1st period - Rich Peverley wins face-off versus Ryan Smyth in Predators zone.
12:43 of 1st period - Shot by Paul Stastny.
12:43 of 1st period - Shot Misses the Net.
12:47 of 1st period - Shot by Paul Stastny.
12:47 of 1st period - Stopped by Carey Price with a rebound.
12:51 of 1st period - Shot by Paul Stastny.
12:51 of 1st period - Stopped by Carey Price without a rebound.
12:52 of 1st period - Jeff Halpern wins face-off versus Ryan Smyth in Predators zone.
13:07 of 1st period - Minor Penalty to Lubomir Visnovsky for Tripping.
13:08 of 1st period - Brad Richards wins face-off versus Jeff Halpern in Islanders zone.
13:54 of 1st period - Shot by Roman Hamrlik.
13:54 of 1st period - Stopped by Mike Brodeur with a rebound.
13:56 of 1st period - Shot by Roman Hamrlik.
13:56 of 1st period - Stopped by Mike Brodeur with a rebound.
14:00 of 1st period - Shot by Ryan Smyth.
14:00 of 1st period - Stopped by Mike Brodeur with a rebound.
14:02 of 1st period - Shot by Peter Mueller.
14:02 of 1st period - Shot Misses the Net.
14:06 of 1st period - Shot by Ryan Smyth.
14:06 of 1st period - Shot Blocked by Duncan Keith.
14:08 of 1st period - Shot by Ryan Smyth.
14:08 of 1st period - Stopped by Mike Brodeur without a rebound.
14:09 of 1st period - Jeff Halpern wins face-off versus Ville Leino in Islanders zone.
14:22 of 1st period - Shot by Roman Hamrlik.
14:22 of 1st period - Stopped by Mike Brodeur without a rebound.
14:23 of 1st period - Mike Zigomanis wins face-off versus Chris Kelly in Islanders zone.
15:21 of 1st period - Icing by Daniel Girardi.
15:22 of 1st period - Vincent Lecavalier wins face-off versus Chris Kelly in Islanders zone.
16:09 of 1st period - Shot by Duncan Keith.
16:09 of 1st period - Stopped by Carey Price with a rebound.
16:11 of 1st period - Shot by Ryan Callahan.
16:11 of 1st period - Stopped by Carey Price without a rebound.
16:12 of 1st period - Mike Zigomanis wins face-off versus Rich Peverley in Predators zone.
16:33 of 1st period - Shot by Daniel Brière.
16:33 of 1st period - Shot Misses the Net.
16:50 of 1st period - Off-side.
16:51 of 1st period - Ville Leino wins face-off versus Paul Stastny in neutral zone.
17:26 of 1st period - Shot by Ryan Callahan.
17:26 of 1st period - Stopped by Carey Price with a rebound.
17:30 of 1st period - Shot by Paul Stastny.
17:30 of 1st period - Stopped by Carey Price without a rebound.
17:31 of 1st period - Jeff Halpern wins face-off versus Mike Comrie in Predators zone.
17:35 of 1st period - Sean Bergenheim is hit by Freddy Meyer and loses puck.
18:03 of 1st period - Icing by Duncan Keith.
18:04 of 1st period - Mike Zigomanis wins face-off versus Jeff Halpern in Islanders zone.
18:11 of 1st period - Shot by Chuck Kobasew.
18:11 of 1st period - Stopped by Mike Brodeur without a rebound.
18:12 of 1st period - Mike Zigomanis wins face-off versus Chris Kelly in Islanders zone.
18:17 of 1st period - Shot by Ryan Smyth.
18:17 of 1st period - Stopped by Mike Brodeur without a rebound.
18:18 of 1st period - Mike Zigomanis wins face-off versus Chris Kelly in Islanders zone.
18:35 of 1st period - Shot by Mike Zigomanis.
18:35 of 1st period - Shot Misses the Net.
18:37 of 1st period - Shot by David Hale.
18:37 of 1st period - Stopped by Mike Brodeur without a rebound.
18:37 of 1st period - Minor Penalty to John Erskine for Tripping.
18:38 of 1st period - Jeff Halpern wins face-off versus Vincent Lecavalier in Islanders zone.
19:23 of 1st period - Shot by Ville Leino.
19:23 of 1st period - Stopped by Mike Brodeur without a rebound.
19:24 of 1st period - Ville Leino wins face-off versus Jeff Halpern in Islanders zone.

Period #2

0:01 of 2nd period - Chris Kelly wins face-off versus Ville Leino in neutral zone.
0:51 of 2nd period - Minor Penalty to Vincent Lecavalier for High sticking.
0:52 of 2nd period - Mike Zigomanis wins face-off versus Paul Stastny in Predators zone.
1:09 of 2nd period - Shot by Patric Hornqvist.
1:09 of 2nd period - Stopped by Carey Price without a rebound.
1:10 of 2nd period - Mike Zigomanis wins face-off versus Rich Peverley in Predators zone.
1:10 of 2nd period - Mike Zigomanis is hit by Ryan Callahan.
1:35 of 2nd period - Minor Penalty to Keith Ballard for Holding.
1:36 of 2nd period - Mike Comrie wins face-off versus Paul Stastny in Islanders zone.
2:10 of 2nd period - Shot by Duncan Keith.
2:10 of 2nd period - Shot Misses the Net.
2:55 of 2nd period - Icing by Ryan Smyth.
2:56 of 2nd period - Vincent Lecavalier wins face-off versus Jeff Halpern in Predators zone.
3:06 of 2nd period - Shot by Peter Mueller.
3:06 of 2nd period - Stopped by Mike Brodeur with a rebound.
3:08 of 2nd period - Shot by Freddy Meyer.
3:08 of 2nd period - Shot Misses the Net.
3:10 of 2nd period - Shot by Roman Hamrlik.
3:10 of 2nd period - Shot Blocked by Adrian Aucoin.
3:12 of 2nd period - Shot by Roman Hamrlik.
3:12 of 2nd period - Shot Misses the Net.
3:14 of 2nd period - Shot by Peter Mueller.
3:14 of 2nd period - Stopped by Mike Brodeur without a rebound.
3:15 of 2nd period - Vincent Lecavalier wins face-off versus Chris Kelly in Islanders zone.
3:19 of 2nd period - Sergei Samsonov is hit by Duncan Keith and loses puck.
5:07 of 2nd period - Shot by Mike Zigomanis.
5:07 of 2nd period - Shot Misses the Net.
5:11 of 2nd period - Shot by Mike Zigomanis.
5:11 of 2nd period - Shot Misses the Net.
5:15 of 2nd period - Shot by Ville Leino.
5:15 of 2nd period - Stopped by Mike Brodeur without a rebound.
5:16 of 2nd period - Vincent Lecavalier wins face-off versus Rich Peverley in Islanders zone.
5:45 of 2nd period - Shot by Peter Mueller.
5:45 of 2nd period - Shot Misses the Net.
5:55 of 2nd period - Shot by David Hale.
5:55 of 2nd period - Stopped by Mike Brodeur without a rebound.
5:56 of 2nd period - Paul Stastny wins face-off versus Mike Zigomanis in Islanders zone.
6:03 of 2nd period - Shot by Keith Ballard.
6:03 of 2nd period - Stopped by Carey Price without a rebound.
6:04 of 2nd period - Mike Comrie wins face-off versus Jeff Halpern in Predators zone.
6:04 of 2nd period - Mike Comrie is hit by Sean Bergenheim.
6:14 of 2nd period - Freddy Meyer is hit by Sean Bergenheim and loses puck.
6:23 of 2nd period - Shot by Drew Stafford.
6:23 of 2nd period - Shot Blocked by Freddy Meyer.
6:56 of 2nd period - Shot by Chris Kelly.
6:56 of 2nd period - Shot Misses the Net.
7:01 of 2nd period - Shot by Todd Marchant.
7:01 of 2nd period - Shot Misses the Net.
7:05 of 2nd period - Shot by Todd Marchant.
7:05 of 2nd period - Shot Misses the Net.
7:07 of 2nd period - Shot by John Erskine.
7:07 of 2nd period - Shot Blocked by Freddy Meyer.
7:11 of 2nd period - Shot by Daniel Girardi.
7:11 of 2nd period - Shot Misses the Net.
7:34 of 2nd period - Icing by Adrian Aucoin.
7:35 of 2nd period - Mike Zigomanis wins face-off versus Rich Peverley in Islanders zone.
8:05 of 2nd period - Minor Penalty to Eric Boulton for Interference.
8:06 of 2nd period - Rich Peverley wins face-off versus Ville Leino in Predators zone.
9:06 of 2nd period - Shot by Duncan Keith.
9:06 of 2nd period - Stopped by Carey Price without a rebound.
9:07 of 2nd period - Paul Stastny wins face-off versus Mike Zigomanis in Predators zone.
9:18 of 2nd period - Shot by Paul Stastny.
9:18 of 2nd period - Shot Hit the Post.
10:08 of 2nd period - Shot by Vincent Lecavalier.
10:08 of 2nd period - Shot Misses the Net.
10:10 of 2nd period - Shot by Mike Comrie.
10:10 of 2nd period - Stopped by Mike Brodeur with a rebound.
10:12 of 2nd period - Shot by Doug Janik.
10:12 of 2nd period - Shot Misses the Net.
10:25 of 2nd period - Icing by Doug Janik.
10:26 of 2nd period - Jeff Halpern wins face-off versus Vincent Lecavalier in Predators zone.
10:57 of 2nd period - Icing by David Hale.
10:58 of 2nd period - Chris Kelly wins face-off versus Mike Zigomanis in Predators zone.
11:07 of 2nd period - Todd Marchant is hit by Chuck Kobasew and loses puck.
11:35 of 2nd period - Icing by Chris Kelly.
11:36 of 2nd period - Chris Kelly wins face-off versus Vincent Lecavalier in Islanders zone.
12:07 of 2nd period - Freddy Meyer is hit by Vaclav Prospal and loses puck.
12:29 of 2nd period - Vincent Lecavalier is hit by Ryan Callahan and loses puck.
12:36 of 2nd period - Shot by Patric Hornqvist.
12:36 of 2nd period - Stopped by Carey Price with a rebound.
12:46 of 2nd period - Shot by Paul Stastny.
12:46 of 2nd period - Shot Misses the Net.
14:05 of 2nd period - Minor Penalty to Adrian Aucoin for Hooking.
14:06 of 2nd period - Jeff Halpern wins face-off versus Mike Zigomanis in Islanders zone.
14:29 of 2nd period - Shot by Ryan Smyth.
14:29 of 2nd period - Goal by Ryan Smyth - Predators : 2 - Islanders : 0.
14:30 of 2nd period - Mike Zigomanis wins face-off versus Vaclav Prospal in neutral zone.
15:24 of 2nd period - Shot by Ryan Smyth.
15:24 of 2nd period - Shot Misses the Net.
15:26 of 2nd period - Shot by Peter Mueller.
15:26 of 2nd period - Shot Misses the Net.
15:28 of 2nd period - Shot by Roman Hamrlik.
15:28 of 2nd period - Deflect By Brad Richards.
15:28 of 2nd period - Stopped by Mike Brodeur with a rebound.
15:30 of 2nd period - Shot by Roman Hamrlik.
15:30 of 2nd period - Shot Blocked by Adrian Aucoin.
15:32 of 2nd period - Shot by Jan Hejda.
15:32 of 2nd period - Shot Blocked by Lubomir Visnovsky.
15:41 of 2nd period - Icing by Lubomir Visnovsky.
15:42 of 2nd period - Rich Peverley wins face-off versus Brad Richards in Islanders zone.
15:59 of 2nd period - Shot by Eric Boulton.
15:59 of 2nd period - Shot Blocked by Lubomir Visnovsky.
16:27 of 2nd period - Shot by Ryan Smyth.
16:27 of 2nd period - Shot Misses the Net.
16:37 of 2nd period - Shot by Mike Zigomanis.
16:37 of 2nd period - Stopped by Mike Brodeur without a rebound.
16:38 of 2nd period - Paul Stastny wins face-off versus Vincent Lecavalier in Islanders zone.
16:38 of 2nd period - Paul Stastny is hit by Chuck Kobasew.
16:48 of 2nd period - Shot by Vincent Lecavalier.
16:48 of 2nd period - Stopped by Mike Brodeur without a rebound.
16:49 of 2nd period - Chris Kelly wins face-off versus Ville Leino in Islanders zone.
16:55 of 2nd period - Shot by Chris Kelly.
16:55 of 2nd period - Shot Misses the Net.
16:59 of 2nd period - Shot by Daniel Girardi.
16:59 of 2nd period - Shot Misses the Net.
17:38 of 2nd period - Off-side.
17:39 of 2nd period - Paul Stastny wins face-off versus Vincent Lecavalier in neutral zone.
18:01 of 2nd period - Shot by Mike Comrie.
18:01 of 2nd period - Stopped by Mike Brodeur without a rebound.
18:02 of 2nd period - Paul Stastny wins face-off versus Mike Zigomanis in Islanders zone.
18:24 of 2nd period - Shot by Mike Zigomanis.
18:24 of 2nd period - Stopped by Mike Brodeur without a rebound.
18:25 of 2nd period - Mike Zigomanis wins face-off versus Chris Kelly in Islanders zone.
18:46 of 2nd period - Shot by Chuck Kobasew.
18:46 of 2nd period - Shot Misses the Net.
19:18 of 2nd period - Shot by Vincent Lecavalier.
19:18 of 2nd period - Stopped by Mike Brodeur without a rebound.
19:19 of 2nd period - Paul Stastny wins face-off versus Sergei Samsonov in Islanders zone.
19:24 of 2nd period - Sergei Samsonov is hit by Ryan Callahan and loses puck.
19:38 of 2nd period - Minor Penalty to Keith Ballard for Hooking.
19:39 of 2nd period - Ville Leino wins face-off versus Jeff Halpern in Islanders zone.

Period #3

0:01 of 3rd period - Ville Leino wins face-off versus Todd Marchant in neutral zone.
0:29 of 3rd period - Minor Penalty to Lubomir Visnovsky for Tripping.
0:30 of 3rd period - Jeff Halpern wins face-off versus Vincent Lecavalier in Islanders zone.
0:45 of 3rd period - Shot by Vincent Lecavalier.
0:45 of 3rd period - Shot Misses the Net.
0:47 of 3rd period - Shot by Rostislav Klesla.
0:47 of 3rd period - Shot Misses the Net.
0:49 of 3rd period - Shot by Rostislav Klesla.
0:49 of 3rd period - Goal by Rostislav Klesla - Predators : 3 - Islanders : 0.
0:50 of 3rd period - Chris Kelly wins face-off versus Ville Leino in neutral zone.
2:14 of 3rd period - Icing by Vincent Lecavalier.
2:15 of 3rd period - Vincent Lecavalier wins face-off versus Chris Kelly in Predators zone.
2:20 of 3rd period - Shot by Rostislav Klesla.
2:20 of 3rd period - Stopped by Mike Brodeur with a rebound.
2:34 of 3rd period - Shot by Sergei Samsonov.
2:34 of 3rd period - Stopped by Mike Brodeur without a rebound.
2:35 of 3rd period - Rich Peverley wins face-off versus Mike Zigomanis in Islanders zone.
2:42 of 3rd period - Shot by Daniel Brière.
2:42 of 3rd period - Deflect By Vaclav Prospal.
2:42 of 3rd period - Shot Blocked by Ryan Smyth.
2:52 of 3rd period - Shot by Chuck Kobasew.
2:52 of 3rd period - Shot Misses the Net.
2:54 of 3rd period - Shot by David Hale.
2:54 of 3rd period - Stopped by Mike Brodeur with a rebound.
3:26 of 3rd period - Shot by Mike Comrie.
3:26 of 3rd period - Stopped by Mike Brodeur without a rebound.
3:27 of 3rd period - Mike Zigomanis wins face-off versus Chris Kelly in Islanders zone.
3:27 of 3rd period - Mike Zigomanis is hit by Daniel Girardi.
3:31 of 3rd period - Shot by Mike Zigomanis.
3:31 of 3rd period - Shot Misses the Net.
3:32 of 3rd period - Minor Penalty to John Erskine for Holding Stick.
3:33 of 3rd period - Chris Kelly wins face-off versus Vincent Lecavalier in Islanders zone.
3:41 of 3rd period - Mike Comrie is hit by Sean Bergenheim and loses puck.
3:45 of 3rd period - Off-side.
3:46 of 3rd period - Vincent Lecavalier wins face-off versus Chris Kelly in neutral zone.
3:49 of 3rd period - Shot by Roman Hamrlik.
3:49 of 3rd period - Shot Misses the Net.
3:51 of 3rd period - Shot by Peter Mueller.
3:51 of 3rd period - Shot Blocked by Duncan Keith.
4:09 of 3rd period - Shot by Roman Hamrlik.
4:09 of 3rd period - Stopped by Mike Brodeur with a rebound.
4:11 of 3rd period - Shot by Roman Hamrlik.
4:11 of 3rd period - Shot Blocked by Duncan Keith.
4:15 of 3rd period - Shot by Vincent Lecavalier.
4:15 of 3rd period - Shot Misses the Net.
5:32 of 3rd period - Shot by Peter Mueller.
5:32 of 3rd period - Shot Misses the Net.
5:34 of 3rd period - Shot by Ryan Smyth.
5:34 of 3rd period - Shot Misses the Net.
5:36 of 3rd period - Shot by David Hale.
5:36 of 3rd period - Stopped by Mike Brodeur without a rebound.
5:37 of 3rd period - Mike Zigomanis wins face-off versus Paul Stastny in Islanders zone.
5:42 of 3rd period - Shot by Mike Zigomanis.
5:42 of 3rd period - Shot Blocked by Ryan Callahan.
5:42 of 3rd period - Ryan Callahan from Islanders is injured at 5:42 of 3rd period (Sprained Left Finger).
5:43 of 3rd period - Mike Zigomanis wins face-off versus Rich Peverley in Islanders zone.
5:56 of 3rd period - Mike Zigomanis is hit by Daniel Brière and loses puck.
6:53 of 3rd period - Icing by John Erskine.
6:54 of 3rd period - Chris Kelly wins face-off versus Sergei Samsonov in Islanders zone.
7:09 of 3rd period - Minor Penalty to Vaclav Prospal for Tripping.
7:10 of 3rd period - Jeff Halpern wins face-off versus Ville Leino in Islanders zone.
7:10 of 3rd period - Jeff Halpern is hit by Peter Mueller.
7:28 of 3rd period - Off-side.
7:29 of 3rd period - Sergei Samsonov wins face-off versus Jeff Halpern in neutral zone.
7:45 of 3rd period - Icing by Sergei Samsonov.
7:46 of 3rd period - Ryan Smyth wins face-off versus Todd Marchant in Predators zone.
7:46 of 3rd period - Ryan Smyth is hit by Chris Kelly.
8:04 of 3rd period - Shot by Mike Comrie.
8:04 of 3rd period - Shot Misses the Net.
8:39 of 3rd period - Shot by Ville Leino.
8:39 of 3rd period - Shot Misses the Net.
9:15 of 3rd period - Minor Penalty to Mike Zigomanis for Holding.
9:16 of 3rd period - Rich Peverley wins face-off versus Ryan Smyth in Predators zone.
9:26 of 3rd period - Off-side.
9:27 of 3rd period - Mike Comrie wins face-off versus Paul Stastny in neutral zone.
9:50 of 3rd period - Shot by Lubomir Visnovsky.
9:50 of 3rd period - Shot Blocked by Doug Janik.
9:52 of 3rd period - Shot by Duncan Keith.
9:52 of 3rd period - Stopped by Carey Price without a rebound.
9:53 of 3rd period - Rich Peverley wins face-off versus Peter Mueller in Predators zone.
9:59 of 3rd period - Daniel Brière is hit by Jan Hejda and loses puck.
10:10 of 3rd period - Rostislav Klesla is hit by Vaclav Prospal.
10:39 of 3rd period - Shot by Lubomir Visnovsky.
10:39 of 3rd period - Shot Blocked by Chuck Kobasew.
11:40 of 3rd period - Major / Game Misconduct Penalty to John Erskine for Unsportsmanlike conduct.
11:40 of 3rd period - John Erskine is ejected from game.
11:41 of 3rd period - Jeff Halpern wins face-off versus Mike Comrie in Islanders zone.
12:41 of 3rd period - Ville Leino is hit by Chris Kelly and loses puck.
13:01 of 3rd period - Icing by Ryan Smyth.
13:02 of 3rd period - Ville Leino wins face-off versus Sean Bergenheim in Predators zone.
13:52 of 3rd period - Icing by Ryan Smyth.
13:53 of 3rd period - Chris Kelly wins face-off versus Mike Zigomanis in Predators zone.
13:56 of 3rd period - Shot by Todd Marchant.
13:56 of 3rd period - Shot Blocked by Doug Janik.
14:34 of 3rd period - Shot by Brad Richards.
14:34 of 3rd period - Shot Misses the Net.
14:41 of 3rd period - Icing by Mike Comrie.
14:42 of 3rd period - Brad Richards wins face-off versus Jeff Halpern in Predators zone.
14:57 of 3rd period - Peter Mueller is hit by Sean Bergenheim and loses puck.
15:53 of 3rd period - Icing by Jan Hejda.
15:54 of 3rd period - Vincent Lecavalier wins face-off versus Chris Kelly in Predators zone.
16:05 of 3rd period - Shot by Rostislav Klesla.
16:05 of 3rd period - Shot Misses the Net.
16:12 of 3rd period - Shot by Rostislav Klesla.
16:12 of 3rd period - Stopped by Mike Brodeur without a rebound.
16:13 of 3rd period - Vincent Lecavalier wins face-off versus Jeff Halpern in Islanders zone.
16:18 of 3rd period - Shot by Sergei Samsonov.
16:18 of 3rd period - Shot Misses the Net.
16:20 of 3rd period - Shot by Chuck Kobasew.
16:20 of 3rd period - Deflect By Vincent Lecavalier.
16:20 of 3rd period - Stopped by Mike Brodeur without a rebound.
16:21 of 3rd period - Vaclav Prospal wins face-off versus Vincent Lecavalier in Islanders zone.
16:46 of 3rd period - Shot by Mike Zigomanis.
16:46 of 3rd period - Stopped by Mike Brodeur without a rebound.
16:47 of 3rd period - Todd Marchant wins face-off versus Mike Zigomanis in Islanders zone.
17:16 of 3rd period - Shot by Chris Kelly.
17:16 of 3rd period - Stopped by Carey Price without a rebound.
17:17 of 3rd period - Paul Stastny wins face-off versus Sergei Samsonov in Predators zone.
17:26 of 3rd period - Rostislav Klesla is hit by Patric Hornqvist.
17:58 of 3rd period - Shot by Mike Zigomanis.
17:58 of 3rd period - Deflect By Ryan Smyth.
17:58 of 3rd period - Shot Blocked by Keith Ballard.
18:00 of 3rd period - Shot by Doug Janik.
18:00 of 3rd period - Shot Misses the Net.
18:38 of 3rd period - Kurt Sauer is hit by Vaclav Prospal and loses puck.
19:15 of 3rd period - Shot by Chris Kelly.
19:15 of 3rd period - Stopped by Carey Price with a rebound.
19:17 of 3rd period - Shot by Daniel Girardi.
19:17 of 3rd period - Shot Blocked by David Hale.
19:56 of 3rd period - Icing by Rostislav Klesla.
19:57 of 3rd period - Vincent Lecavalier wins face-off versus Chris Kelly in Predators zone.


Output by the SimonT Hockey Simulator (STHS) for Mathias Vaigur -- Original Page W3C XHTML 1.0 Valid